 Dungeon Crawl Stone Soup version 0.22-a0-93-g6b88ebb (webtiles) character file.

9956 Gorice the Destroyer (level 11, -4/64 HPs)
             Began as a Deep Elf Fire Elementalist on Jan 24, 2018.
             Was an Elder of Cheibriados.
             Slain by a five-headed hydra (5 damage)
             ... on level 3 of the Lair of Beasts.
             The game lasted 01:16:16 (14350 turns).

Gorice the Destroyer (Deep Elf Fire Elementalist)  Turns: 14350, Time: 01:16:17

Health: -4/64      AC:  5    Str: 14    XL:     11   Next: 29%
Magic:  23/35      EV: 19    Int: 33    God:    Cheibriados [****..]
Gold:   569        SH:  0    Dex: 24    Spells: 13/28 levels left

rFire    + . .     SeeInvis .   a - +3 scimitar (flame)
rCold    + . .     Gourm    .   (no shield)
rNeg     . . .     Faith    .   J - +2 robe {rC+ rF+}
rPois    +         Spirit   .   (no helmet)
rElec    .         Reflect  .   (no cloak)
rCorr    .         Harm     .   (no gloves)
MR       +....                  d - +0 pair of boots
Stlth    +++.......             (no amulet)
HPRegen  0.20/turn              p - ring of poison resistance
MPRegen  0.24/turn              P - ring of magical power

@: very slightly contaminated, very slow
A: no striking features
a: Bend Time, Temporal Distortion, Slouch, Renounce Religion


You were on level 3 of the Lair of Beasts.
You worshipped Cheibriados.
Cheibriados was greatly pleased with you.
You were not hungry.

You visited 3 branches of the dungeon, and saw 12 of its levels.

You collected 709 gold pieces.
You spent 140 gold pieces at shops.

Inventory:

Hand Weapons
 a - a +3 scimitar of flaming (weapon)
   (You found it on level 8 of the Dungeon)
Missiles
 b - 6 javelins
 g - 2 steel javelins
 i - 11 tomahawks (quivered)
 X - 7 exploding tomahawks
 Z - 3 throwing nets
Armour
 d - a +0 pair of boots (worn)
 J - a +2 robe of resistance (worn)
   (You found it on level 8 of the Dungeon)
Jewellery
 p - a ring of poison resistance (left hand)
 P - a ring of magical power (right hand)
Wands
 h - a wand of flame (36)
 q - a wand of iceblast (4)
 y - a wand of scattershot (7)
 B - a wand of paralysis (12)
Scrolls
 f - 3 scrolls of magic mapping {!r}
 k - a scroll of fog
 n - a scroll of enchant weapon
 o - 5 scrolls of remove curse
 t - 7 scrolls of teleportation {!r}
Potions
 e - 3 potions of might {!q}
 j - a potion of agility {!q}
 l - 4 potions of curing
 r - a potion of haste {unknown}
 u - 2 potions of magic {!q}
 v - a potion of degeneration {unknown}
 w - a potion of lignification {unknown}
 x - 2 potions of flight
 A - a potion of brilliance {unknown}
 L - 2 potions of heal wounds {!q}
Miscellaneous
 s - a box of beasts
Comestibles
 c - 19 rations
 m - 9 chunks of flesh


   Skills:
 + Level 5.8 Fighting
 + Level 7.6 Dodging
 - Level 2.4 Stealth
 - Level 9.1 Spellcasting
 - Level 10.1 Conjurations
 - Level 10.0 Fire Magic
 + Level 5.9 Invocations


You had 13 spell levels left.
You knew the following spells:

 Your Spells              Type           Power        Failure   Level  Hunger
a - Flame Tongue          Conj/Fire      #####        1%          1    None
b - Throw Flame           Conj/Fire      ######       1%          2    None
c - Conjure Flame         Conj/Fire      ######..     1%          3    None
d - Sticky Flame          Conj/Fire      ######..     1%          4    None
e - Fireball              Conj/Fire      ######....   1%          5    ###....


Dungeon Overview and Level Annotations

Branches:
Dungeon (8/15)             Temple (1/1) D:5            Lair (3/6) D:8
  Swamp (0/4) Lair:2
  Snake: Lair:2-4    Spider: Lair:2-4

Altars:
Ashenzari
Cheibriados
Dithmenos
Elyvilon
Fedhas
Gozag
Hepliaklqana
Kikubaaqudgha
Makhleb
Nemelex Xobeh
Okawaru
Qazlal
Ru
Sif Muna
Trog
Uskayaw
Vehumet
Wu Jian
Xom
Yredelemnul
Zin
The Shining One

Shops:
D:4 [   D:7 [   D:8 !((%

Annotations:
D:2 1 runed door
D:5 vpUX: vault w quasits and $ needs dig
D:6 vpUX: freezing cloud vault with $


Message History

Damage: 19 (max 19) Unknown command.
Unknown command.
Casting: Sticky Flame
Confirm with . or Enter, or press ? or * to list all spells.
Aiming: Flame Tongue
Press: ? - help, Shift-Dir - straight line, f/p - five-headed hydra
Aim: a five-headed hydra (flame, moderately wounded, covered in liquid flames)
The flame tongue hits the five-headed hydra.
The five-headed hydra is heavily wounded.
The five-headed hydra burns!
The five-headed hydra is engulfed in blazing flames.
The five-headed hydra bites you! x2
* * * LOW HITPOINT WARNING * * *
The five-headed hydra bites you!
* * * LOW HITPOINT WARNING * * *
The five-headed hydra closely misses you. x2
Damage: 38 (max 38) Unknown command.
Unknown command.
Unknown command.
The five-headed hydra burns! x2
The five-headed hydra is engulfed in blazing flames.
The five-headed hydra bites you but does no damage.
The five-headed hydra misses you. The five-headed hydra bites you.
* * * LOW HITPOINT WARNING * * *
The five-headed hydra misses you.
The five-headed hydra completely misses you.
Damage: 5 (max 38)
You feel better.
The five-headed hydra burns!
The five-headed hydra bites you.
* * * LOW HITPOINT WARNING * * *
The five-headed hydra closely misses you. x2
The five-headed hydra bites you but does no damage.
The five-headed hydra barely misses you.
Unknown command.
Casting: Flame Tongue
Confirm with . or Enter, or press ? or * to list all spells.
Aiming: Flame Tongue
Press: ? - help, Shift-Dir - straight line, f/p - five-headed hydra
Aim: a five-headed hydra (almost dead, covered in liquid flames)
The flame tongue hits the five-headed hydra.
The five-headed hydra is almost dead.
The five-headed hydra burns!
The five-headed hydra stops burning.
The five-headed hydra bites you.
* * * LOW HITPOINT WARNING * * *
The five-headed hydra bites you.
* * * LOW HITPOINT WARNING * * *
The five-headed hydra bites you but does no damage.
The five-headed hydra bites you.
You die...

#....?..8.......#
#.............#
#...8..>..8...#
#...#.........#
##>..#....8...##
#.....#......##
#......#ยง#..##
##.....#.D..##
#P.....#.@...#
##.....#8.<.8#
#...........#
#.....##.8..#
#.....#######
##.....#
#......##
#.......##
##.....#.#


You could see a five-headed hydra.

Vanquished Creatures
  3 hydras (Lair:2)
  Pikel (D:8)
  Psyche (D:8)
  A spiny frog (Lair:1)
  2 komodo dragons
  3 tyrant leeches (Lair:2)
  A blink frog (Lair:3)
  3 hippogriffs
  A wyvern (Lair:3)
  A swamp worm (Lair:2)
  2 water moccasins
  4 porcupines
  2 hell hounds (D:8)
  2 orc warriors
  A necrophage (D:7)
  4 ogres
  An eye of draining (D:6)
  5 wolves (Lair:2)
  A phantom (D:6)
  A crocodile (Lair:2)
  6 bullfrogs
  A wyvern zombie (D:6)
  A scorpion (Lair:3)
  5 wights
  2 howler monkeys (D:7)
  2 crimson imps
  A quasit (D:6)
  A bullfrog zombie (D:7)
  A jelly (D:7)
  3 orc priests
  6 hounds
  A centaur skeleton (D:5)
  7 orc wizards
  3 bullfrog skeletons
  3 iguanas
  6 worker ants
  A killer bee zombie (D:7)
  A hound zombie (D:5)
  A hound skeleton (D:4)
  A howler monkey zombie (D:7)
  A worker ant zombie (D:5)
  9 gnolls
  A howler monkey skeleton (D:7)
  15 adders
  2 shadow imps
  An ooze (D:4)
  An adder skeleton (D:8)
  3 worms
  A dart slug (D:1)
  4 leopard geckos
  30 orcs
  4 bats
  9 giant cockroaches
  9 goblins
  6 hobgoblins
  8 jackals
  4 quokkas
  2 ball pythons
  6 frilled lizards
  A goblin skeleton (D:2)
  A jackal skeleton (D:2)
  6 kobolds
  2 leopard gecko skeletons
  A leopard gecko zombie (D:5)
  6 rats
226 creatures vanquished.

Vanquished Creatures (others)
  Erica (D:8)
  A slave (D:8)
  A water moccasin (D:8)
  A wight (D:8)
  A crimson imp (D:8)
  A shadow imp (D:6)
  A fungus (Lair:2)
  3 plants
10 creatures vanquished.

Grand Total: 236 creatures vanquished

Notes
Turn   | Place    | Note
-------+----------+-------------------------------------------
     0 | D:1      | Gorice the Deep Elf Fire Elementalist began the quest for the Orb.
     0 | D:1      | Reached XP level 1. HP: 10/10 MP: 6/6
   159 | D:1      | Reached skill level 2 in Conjurations
   159 | D:1      | Reached XP level 2. HP: 11/15 MP: 2/8
   804 | D:1      | Learned a level 2 spell: Throw Flame
   843 | D:2      | Reached skill level 3 in Conjurations
   843 | D:2      | Reached XP level 3. HP: 19/19 MP: 7/10
   941 | D:2      | HP: 5/19 [poisoned by an adder]
   979 | D:1      | HP: 4/19 [adder (4)]
   984 | D:1      | HP: 5/19 [poisoned by an adder]
   985 | D:1      | Reached skill level 4 in Spellcasting
  1217 | D:2      | Found a runed door.
  1217 | D:2      | Noticed a human
  1238 | D:2      | Found a basalt altar of Yredelemnul.
  1281 | D:2      | Reached XP level 4. HP: 24/24 MP: 8/12
  1864 | D:3      | Reached skill level 4 in Conjurations
  1945 | D:3      | Reached XP level 5. HP: 15/28 MP: 7/14
  2211 | D:3      | Learned a level 3 spell: Conjure Flame
  2578 | D:3      | Reached skill level 5 in Spellcasting
  2594 | D:3      | Reached skill level 5 in Conjurations
  3042 | D:3      | Reached XP level 6. HP: 24/32 MP: 15/15
  3058 | D:3      | Learned a level 4 spell: Sticky Flame
  3258 | D:3      | Reached skill level 4 in Fire Magic
  3372 | D:4      | Found a shattered altar of Ashenzari.
  3768 | D:4      | Found Menoan's Antique Armour Emporium.
  3832 | D:4      | Reached skill level 5 in Fire Magic
  4242 | D:3      | Reached skill level 6 in Spellcasting
  4242 | D:3      | Reached XP level 7. HP: 36/36 MP: 18/18
  4410 | D:4      | Found a sparkling altar of Nemelex Xobeh.
  4516 | D:4      | Reached skill level 6 in Conjurations
  4818 | D:4      | Found a stormy altar of Qazlal.
  4925 | D:5      | Entered Level 5 of the Dungeon
  4967 | D:5      | Found a staircase to the Ecumenical Temple.
  4982 | Temple   | Entered the Ecumenical Temple
  5192 | Temple   | Became a worshipper of Cheibriados the Contemplative
  5323 | D:5      | Reached skill level 6 in Fire Magic
  5460 | D:5      | Found a shimmering altar of Xom.
  5462 | D:5      | Found a burning altar of Makhleb.
  5480 | D:5      | Found a stormy altar of Qazlal.
  5486 | D:5      | Found an iron altar of Okawaru.
  5727 | D:5      | Reached XP level 8. HP: 39/41 MP: 13/20
  5734 | D:5      | Learned a level 5 spell: Fireball
  5850 | D:5      | Reached * piety under Cheibriados
  6179 | D:5      | Reached skill level 7 in Spellcasting
  6354 | D:6      | Reached skill level 7 in Conjurations
  6413 | D:6      | Reached skill level 7 in Fire Magic
  7628 | D:6      | Found a basalt altar of Yredelemnul.
  8207 | D:7      | Found Joaruyruity's Antique Armour Emporium.
  8254 | D:7      | Reached ** piety under Cheibriados
  8429 | D:7      | Reached skill level 8 in Conjurations
  8433 | D:7      | Reached skill level 8 in Fire Magic
  8485 | D:7      | Reached skill level 8 in Spellcasting
  8640 | D:7      | Reached XP level 9. HP: 21/45 MP: 23/23
  9674 | D:8      | Found a shadowy altar of Dithmenos.
  9674 | D:8      | Found an ornate altar of the Wu Jian Council.
  9682 | D:8      | Noticed Erica
  9695 | D:8      | Found a glowing silver altar of Zin.
  9735 | D:8      | Found Ysmomu's Weapon Boutique.
  9801 | D:8      | Reached *** piety under Cheibriados
  9808 | D:8      | Reached skill level 9 in Conjurations
  9845 | D:8      | Reached skill level 9 in Fire Magic
  9860 | D:8      | HP: 13/45 [orc wizard/magic dart (4)]
 10106 | D:8      | HP: 12/45 [slave[Pikel] (3)]
 10108 | D:8      | Noticed Pikel
 10117 | D:8      | HP: 12/45 [slave[Pikel] (3)]
 10118 | D:8      | Killed Pikel
 10118 | D:8      | Reached skill level 9 in Spellcasting
 10406 | D:8      | HP: 9/45 [hippogriff (6)]
 10411 | D:8      | HP: 10/45 [hippogriff (5)]
 10412 | D:8      | HP: 4/45 [hippogriff (1)]
 10418 | D:8      | HP: 10/45 [hell hound (7)]
 10663 | D:8      | Found Affisme's Food Emporium.
 10774 | D:8      | Reached skill level 1 in Fighting
 10797 | D:8      | Killed Erica
 10797 | D:8      | Reached skill level 10 in Conjurations
 10797 | D:8      | Reached skill level 10 in Fire Magic
 10797 | D:8      | Reached XP level 10. HP: 25/53 MP: 1/25
 10950 | D:8      | Noticed Psyche
 10961 | D:8      | Killed Psyche
 10961 | D:8      | Reached skill level 2 in Fighting
 10989 | D:8      | Found Juiczamn's Distillery.
 11035 | D:8      | Bought 2 potions of heal wounds for 140 gold pieces
 11060 | D:8      | Found a staircase to the Lair.
 11213 | D:8      | Found Pukhleece's Antique Weapon Shop.
 11324 | D:8      | Found a deep blue altar of Sif Muna.
 11362 | Lair:1   | Entered Level 1 of the Lair of Beasts
 11492 | Lair:1   | Reached skill level 3 in Fighting
 11513 | Lair:1   | Noticed a spiny frog
 11524 | Lair:1   | Killed a spiny frog
 11524 | Lair:1   | Reached skill level 3 in Dodging
 12101 | Lair:2   | Reached skill level 1 in Invocations
 12159 | Lair:2   | Noticed a four-headed hydra
 12227 | Lair:2   | Reached skill level 4 in Dodging
 12237 | Lair:2   | Killed a three-headed hydra
 12237 | Lair:2   | Reached skill level 4 in Fighting
 12237 | Lair:2   | Reached skill level 2 in Invocations
 12248 | Lair:2   | Reached skill level 5 in Dodging
 12266 | Lair:2   | Reached skill level 3 in Invocations
 12580 | Lair:2   | Noticed a six-headed hydra
 12586 | Lair:2   | HP: 13/58 [six-headed hydra (5)]
 12588 | Lair:2   | Killed a six-headed hydra
 12588 | Lair:2   | Reached skill level 4 in Invocations
 12869 | Lair:2   | Reached skill level 6 in Dodging
 13091 | Lair:2   | Reached skill level 5 in Fighting
 13146 | Lair:2   | Reached **** piety under Cheibriados
 13237 | Lair:2   | Noticed a four-headed hydra
 13246 | Lair:2   | Killed a three-headed hydra
 13246 | Lair:2   | Reached skill level 5 in Invocations
 13246 | Lair:2   | Reached XP level 11. HP: 34/64 MP: 19/26
 13807 | Lair:2   | Found a staircase to the Swamp.
 13811 | Lair:2   | HP: 19/64 [tyrant leech (30)]
 13821 | Lair:2   | Reached skill level 7 in Dodging
 14341 | Lair:3   | Noticed a five-headed hydra
 14347 | Lair:3   | HP: 19/64 [five-headed hydra (15)]
 14347 | Lair:3   | HP: 7/64 [five-headed hydra (12)]
 14348 | Lair:3   | HP: 2/64 [five-headed hydra (5)]
 14350 | Lair:3   | Slain by a five-headed hydra

Vault maps used:
D:1:      lightli_arrival_flooded_house
D:2:      first_ration, dk_yredelemnul_ordeal
D:3:      kb_forest_paths
D:4:      nemelex_xobeh_ov_fountains_minmay, ashenzari_altar_1, serial_shops,
          shop, grunt_qazlal_clouds
D:5:      cheibrodos_quashed, xom_teletrap_fun, minitemple,
          minmay_temple_entry_mist
D:6:      lemuel_ice_spiral_2, kennysheep_mini_moat
D:7:      cheibrodos_helix_gallery, serial_shops, shop
D:8:      lemuel_blue_sif_altar, grunt_temple_overflow_open,
          minmay_lair_entry_lava, serial_shops, shop, nicolae_shop_behind_doors,
          shop_coins, nicolae_shop_overgrown_old_shop, uniq_psyche, uniq_erica,
          uniq_pikel
Temple:   minmay_temple_curvy_loop
Lair:1:   minmay_holes
Lair:2:   minmay_swamp_entry_worms, grunt_megastairs_4
Lair:3:   guppyfry_snake_entry_garden, minmay_lair_oklob_bushes,
          grunt_megastairs_3, infiniplex_staircase_pool

Skill      XL: |  1  2  3  4  5  6  7  8  9 10 11 |
---------------+----------------------------------+-----
Conjurations   | 2 3 4 5 6 8 10 | 10.1
Spellcasting   | 4 5 6 8 9 |  9.1
Fire Magic     | 5 6 8 10 | 10.0
Fighting       | 1 5 |  5.8
Dodging        | 6 7 |  7.6
Invocations    | 5 |  5.9
Stealth        | |  2.4

Action                   |  1- 3 |  4- 6 |  7- 9 | 10-12 || total
-------------------------+-------+-------+-------+-------++-------
Melee: Unarmed           |     8 |       |       |       ||     8
       Long sword        |       |     2 |   101 |       ||   103
       Falchion          |       |       |    18 |       ||    18
       Whip              |       |       |     2 |       ||     2
       Scimitar          |       |       |       |    16 ||    16
Throw: Tomahawk          |       |       |       |     2 ||     2
 Cast: Flame Tongue      |    61 |   109 |   177 |    77 ||   424
       Throw Flame       |       |    40 |    48 |    24 ||   112
       Conjure Flame     |       |     4 |    21 |    21 ||    46
       Sticky Flame      |       |     1 |    13 |    20 ||    34
       Fireball          |       |       |     6 |     2 ||     8
Evoke: Wand              |       |       |    11 |     1 ||    12
  Use: Scroll            |     4 |     5 |     8 |     7 ||    24
       Potion            |     3 |       |     3 |     3 ||     9
 Stab: Paralysed         |       |       |     3 |       ||     3
  Eat: Chunk             |     1 |     9 |    11 |     4 ||    25
       Ration            |       |       |     1 |       ||     1
Armor: Robe              |     5 |    16 |    37 |     7 ||    65
Dodge: Dodged            |    36 |    37 |   147 |    54 ||   274
       Rpst.: Long sword |       |    14 |    39 |       ||    53
       Falchion          |       |       |    12 |       ||    12
       Scimitar          |       |       |       |    12 ||    12

Table legend:
 A = Spawn XP
 B = Non-spawn XP
 C = Spawn XP percentage of total XP
 D = Spawn monster count
 E = Non-spawn monster count
 F = Spawn count percentage of total count
 G = Total turns spent on level
                    A         B        C        D         E        F      G
               +---------+---------+-------+---------+---------+-------+---------
         Total |       0 |   14223 |   0.0 |       0 |     227 |   0.0 | 14350
               +---------+---------+-------+---------+---------+-------+---------
           D:1 |       0 |      61 |   0.0 |       0 |      21 |   0.0 |   977
           D:2 |       0 |      65 |   0.0 |       0 |      23 |   0.0 |  1031
           D:3 |       0 |     443 |   0.0 |       0 |      40 |   0.0 |  1788
           D:4 |       0 |     492 |   0.0 |       0 |      27 |   0.0 |  1133
           D:5 |       0 |     534 |   0.0 |       0 |      24 |   0.0 |  1299
           D:6 |       0 |     629 |   0.0 |       0 |      17 |   0.0 |  1778
           D:7 |       0 |    1007 |   0.0 |       0 |      25 |   0.0 |  1695
           D:8 |       0 |    2941 |   0.0 |       0 |      19 |   0.0 |  1553
        Lair:1 |       0 |     781 |   0.0 |       0 |       4 |   0.0 |  1007
        Lair:2 |       0 |    5704 |   0.0 |       0 |      19 |   0.0 |  1574
        Lair:3 |       0 |    1566 |   0.0 |       0 |       8 |   0.0 |   293
               +---------+---------+-------+---------+---------+-------+---------

Table legend:
 A = Turns spent in this place as a percentage of turns spent in the entire game.
 B = Non-inter-level travel turns spent in this place as a percentage of non-inter-level travel turns spent in the entire game.
 C = Inter-level travel turns spent in this place as a percentage of turns spent in this place.
 D = Turns resting spent in this place as a percentage of non-inter-level travel turns spent in this place.
 E = Turns spent auto-exploring this place as a percentage of non-inter-level travel turns spent in this place.
 F = Non-inter-level travel turns spent in this place divided by the number of levels of this place that you've seen.
                   A       B       C       D       E      F
               +-------+-------+-------+-------+-------+----------------------
         Total | 100.0 | 100.0 |   5.3 |  36.8 |  36.0 | 1132.6
       Dungeon |  78.4 |  78.2 |   5.5 |  35.6 |  34.9 | 1329.1
        Temple |   1.5 |   1.4 |  17.1 |   0.0 |  97.3 | 184.0
          Lair |  20.0 |  20.4 |   3.5 |  43.9 |  36.2 | 924.7
               +-------+-------+-------+-------+-------+----------------------

Vault maps used:
D:1:      lightli_arrival_flooded_house
D:2:      first_ration, dk_yredelemnul_ordeal
D:3:      kb_forest_paths
D:4:      nemelex_xobeh_ov_fountains_minmay, ashenzari_altar_1, serial_shops,
          shop, grunt_qazlal_clouds
D:5:      cheibrodos_quashed, xom_teletrap_fun, minitemple,
          minmay_temple_entry_mist
D:6:      lemuel_ice_spiral_2, kennysheep_mini_moat
D:7:      cheibrodos_helix_gallery, serial_shops, shop
D:8:      lemuel_blue_sif_altar, grunt_temple_overflow_open,
          minmay_lair_entry_lava, serial_shops, shop, nicolae_shop_behind_doors,
          shop_coins, nicolae_shop_overgrown_old_shop, uniq_psyche, uniq_erica,
          uniq_pikel
Temple:   minmay_temple_curvy_loop
Lair:1:   minmay_holes
Lair:2:   minmay_swamp_entry_worms, grunt_megastairs_4
Lair:3:   guppyfry_snake_entry_garden, minmay_lair_oklob_bushes,
          grunt_megastairs_3, infiniplex_staircase_pool
